 Dungeon Sprint DCSS version 0.23.0 (webtiles) character file.

Game seed: 15956463741413446230

22570 Kairos the Severer (level 13, -4/108 HPs)
             Began as a Formicid Fighter on Feb 12, 2019.
             Was the Champion of Qazlal.
             Killed from afar by a fire giant (27 damage)
             ... with a fireball
             ... in the Dungeon (Sprint V: "Ziggurat Sprint").
             The game lasted 00:10:05 (1306 turns).

Kairos the Severer (Formicid Fighter)               Turns: 1306, Time: 00:10:05

Health: -4/108     AC: 36    Str: 37    XL:     13   Next: 28%
Magic:  18/19      EV:  4    Int:  9    God:    Qazlal [******]
Gold:   0          SH: 46    Dex: 10    Spells: 17/20 levels left

rFire    + . .     SeeInvis +   E - +14 obsidian axe {chop, +Fly SInv *Curse} (curse)
rCold    + . .     Gourm    .   G - +18 shield of the Gong {rElec rN+ MR+ EV-5}
rNeg     + . .     Faith    .   F - +15 Maxwell's patent armour {-Cast -Tele rElec MR+ rCorr}
rPois    +         Spirit   .   (helmet unavailable)
rElec    +         Reflect  +   K - +2 cloak of the Thief {+Fog Slay-2 SInv Stlth+}
rCorr    +         Harm     .   (no gloves)
MR       +++..     NoCast   +   (no boots)
Stlth    ..........             M - +5 amulet of reflection
HPRegen  0.28/turn              B - +6 ring of strength
MPRegen  0.16/turn              C - +6 ring of strength

@: resistant, protected from physical damage, mesmerised, studying Necromancy,
repel missiles
A: permanent stasis, dig shafts and tunnels, four strong arms, antennae 3
a: Dig, Upheaval, Elemental Force, Disaster Area, Renounce Religion, Evoke Fog,
Evoke Flight


You were in the Dungeon.
You worshipped Qazlal.
Qazlal was exalted by your worship.
You were not hungry.

You visited 1 branch

Inventory:

Hand Weapons
 b - a +5 executioner's axe
 h - a +5 demon whip
 D - the +9 heavy crossbow "Sniper" {velocity, Acc+∞ SInv}
   (You found it in the Dungeon)

   Any bolt fired from it inflicts extra damage.
   It lets you see invisible.
 E - the cursed +14 obsidian axe (weapon) {chop, +Fly SInv *Curse}
   (You found it in the Dungeon)

   It inflicts extra damage upon your enemies.
   It lets you see invisible.
   It lets you fly.
   It curses itself when equipped.
   It has a curse placed upon it.
 H - the +7 great mace "Firestarter" {inner flame, rF++}
   (You found it in the Dungeon)

   It has been specially enchanted to burn those struck by it, causing extra
   injury to most foes and up to half again as much damage against particularly
   susceptible opponents.
   It greatly protects you from fire.
 I - the +8 lance "Wyrmbane" {slay drac, rPois rF+ rC+ AC+3}
   (You found it in the Dungeon)

   It affects your AC (+3).
   It protects you from fire.
   It protects you from cold.
   It protects you from poison.
 L - the +5 pair of quick blades "Gyre" and "Gimble" {pierce, Dex-3}
   (You found it in the Dungeon)

   It inflicts extra damage upon your enemies.
   It affects your dexterity (-3).
Missiles
 c - 1074 bolts
 z - 7 silver tomahawks (quivered)
Armour
 a - +5 gold dragon scales
 F - the +15 Maxwell's patent armour (worn) {-Cast -Tele rElec MR+ rCorr}
   (You found it in the Dungeon)

   It insulates you from electricity.
   It affects your resistance to hostile enchantments.
   It prevents spellcasting.
   It prevents most forms of teleportation.
   It provides partial protection from all sources of acid and corrosion.
 G - the +18 shield of the Gong (worn) {rElec rN+ MR+ EV-5}
   (You found it in the Dungeon)

   It affects your evasion (-5).
   It insulates you from electricity.
   It protects you from negative energy.
   It affects your resistance to hostile enchantments.
 K - the +2 cloak of the Thief (worn) {+Fog Slay-2 SInv Stlth+}
   (You found it in the Dungeon)

   It affects your accuracy and damage with ranged weapons and melee attacks
   (-2).
   It lets you see invisible.
   It makes you more stealthy.
Jewellery
 y - an uncursed ring of protection from cold
 A - a +6 ring of intelligence
 B - a +6 ring of strength (left hand)
 C - a +6 ring of strength (right hand)
 M - a +5 amulet of reflection (around neck)
 N - the amulet of Sihaz {Acrobat +Fly rN+ Str+2}
   (You found it in the Dungeon)

   [amulet of the acrobat]

   It helps you evade while moving and waiting.
   It affects your strength (+2).
   It protects you from negative energy.
   It lets you fly.
 Q - the amulet of Equivalence {Spirit rN+ MR- SInv}
   (You found it in the Dungeon)

   [amulet of guardian spirit]

   It causes incoming damage to be split between your health and magic.
   It protects you from negative energy.
   It affects your resistance to hostile enchantments.
   It lets you see invisible.
 R - a cursed ring of resist corrosion
Wands
 u - a wand of disintegration (7)
 v - a wand of iceblast (7)
 w - a wand of acid (7)
Scrolls
 j - 4 scrolls of amnesia
 k - 7 scrolls of fog
 l - a scroll of holy word
 m - 5 scrolls of identify
 n - 5 scrolls of remove curse
 o - 2 scrolls of fear
 J - 2 scrolls of brand weapon
Potions
 d - 7 potions of might
 e - 10 potions of curing
 g - 5 potions of heal wounds
 i - 7 potions of magic
 p - 2 potions of brilliance
 q - 2 potions of invisibility
 r - 3 potions of resistance
 t - 5 potions of agility
Books
 O - a manual of Necromancy
Miscellaneous
 x - a phial of floods
 P - a box of beasts
Comestibles
 f - 7 rations


   Skills:
 + Level 12.1 Fighting
 * Level 19.1(19.5) Axes
 + Level 7.3(14.5) Maces & Flails
 + Level 11.1 Armour
 + Level 2.1 Dodging
 + Level 1.5 Stealth
 - Level 14.1 Shields
 * Level 4.0 Spellcasting
 * Level 10.8 Necromancy
 * Level 8.9 Invocations
 + Level 0.9 Evocations


You had 17 spell levels left.
You knew the following spells:

 Your Spells              Type           Power        Failure   Level  Hunger
a - Regeneration          Chrm/Necr      ##........   41%         3    ###....

Your spell library contained the following spells:

 Spells                   Type           Power        Failure   Level  Hunger
 Animate Skeleton         Necr           N/A          1%          1    #......
 Pain                     Necr           ###.         1%          1    #......
 Vampiric Draining        Necr           ###.......   4%          3    ###....
 Animate Dead             Necr           N/A          16%         4    #####..
 Corona                   Hex            #......      78%         1    #......
 Flame Tongue             Conj/Fire      #....        78%         1    #......
 Sandblast                Erth           #.....       78%         1    #......
 Ensorcelled Hibernation  Hex/Ice        #.....       89%         2    ###....
 Passwall                 Tmut/Erth      #.......     89%         2    ###....
 Slow                     Hex            #.......     89%         2    ###....
 Throw Flame              Conj/Fire      #.....       89%         2    ###....
 Confuse                  Hex            #.......     98%         3    ###....
 Conjure Flame            Conj/Fire      #.......     98%         3    ###....
 Dazzling Spray           Conj/Hex       #.....       98%         3    ###....
 Inner Flame              Hex/Fire       #.......     98%         3    ###....
 Recall                   Summ/Tloc      N/A          98%         3    ###....
 Stone Arrow              Conj/Erth      #.....       98%         3    ###....
 Summon Guardian Golem    Hex/Summ       #.......     98%         3    ###....
 Tukima's Dance           Hex            #.......     98%         3    ###....
 Cause Fear               Hex            #.........   100%        4    #####..
 Ice Form                 Ice/Tmut       #.......     100%        4    #####..
 Petrify                  Tmut/Erth      #.......     100%        4    #####..
 Sticky Flame             Conj/Fire      #.......     100%        4    #####..
 Summon Lightning Spire   Summ/Air       #.......     100%        4    #####..
 Aura of Abjuration       Summ           #.........   100%        5    ######.
 Bolt of Magma            Conj/Fire/Erth #.........   100%        5    ######.
 Fireball                 Conj/Fire      #.........   100%        5    ######.
 Iskenderun's Battlesphe  Conj/Chrm      #.......     100%        5    ######.
 Lee's Rapid Deconstruct  Erth           #.........   100%        5    ######.
 Metabolic Englaciation   Hex/Ice        #.........   100%        5    ######.
 Silence                  Hex/Air        #.........   100%        5    ######.
 Summon Demon             Summ           #.........   100%        5    ######.
 Summon Forest            Summ/Tloc      #.........   100%        5    ######.
 Summon Mana Viper        Hex/Summ       #.......     100%        5    ######.
 Venom Bolt               Conj/Pois      #.........   100%        5    ######.
 Bolt of Cold             Conj/Ice       #.........   100%        6    #######
 Conjure Ball Lightning   Conj/Air       #.........   100%        6    #######
 Deflect Missiles         Chrm/Air       #.........   100%        6    #######
 Freezing Cloud           Conj/Ice/Air   #.........   100%        6    #######
 Iron Shot                Conj/Erth      #.........   100%        6    #######
 Ozocubu's Refrigeration  Ice            #.........   100%        6    #######
 Shadow Creatures         Summ           N/A          100%        6    #######
 Simulacrum               Ice/Necr       ##........   100%        6    #######
 Dragon Form              Tmut           #.........   100%        7    #######
 Orb of Destruction       Conj           #.........   100%        7    #######
 Spellforged Servitor     Conj/Summ      #.........   100%        7    #######
 Tornado                  Air            #.........   100%        9    #######


Dungeon Overview and Level Annotations

Branches:
Dungeon (1/1)

Altars:
Ashenzari
Cheibriados
Dithmenos
Elyvilon
Fedhas
Gozag
Hepliaklqana
Kikubaaqudgha
Makhleb
Nemelex Xobeh
Okawaru
Qazlal
Ru
Sif Muna
Trog
Uskayaw
Vehumet
Wu Jian
Xom
Yredelemnul
Zin
The Shining One
Beogh
Jiyva
Lugonu

Annotations:
D 1 transporter


Innate Abilities, Weirdness & Mutations

You cannot be hasted, slowed, berserked, paralysed or teleported.
You can dig through walls and to a lower floor.
Your four strong arms can wield two-handed weapons with a shield.
You have a pair of large antennae on your head. (SInv)


Message History

The fire giant is engulfed in freezing vapours.
You block the fire giant's attack.
GONNNNG!
Your sixfirhy hits the fire giant.
Your sixfirhy shocks the fire giant!
The fire giant dies!
Qazlal accepts your kill.
Your Fighting skill increases to level 12!
Your Axes skill increases to level 19!
Your Armour skill increases to level 11!
You slice the efreet!!
You break out of your daze!
You kill the efreet!
Qazlal accepts your kill.
Your Spellcasting skill increases to level 4!
You slash the fire giant!
Visions of slaying the fire giant flood into your mind.
The fire giant is engulfed in blazing flames.
The fire giant gestures at you while chanting.
The fireball explodes!
The fireball engulfs you!! You resist.
You die...

▓▓▓▓▓▓▓▓▓▓▓▓▓
▓...8©8...▓...8©8...▓..
▓..:)|})[.▓...[.....▓..
▓..=)):)..▓.)))((...▓..
▓.........▓.....)...▓..
▓........v▓...)))().▓..
▓...○.°...▓....((...▓..
▓...○)C)4.▓.........▓..
▓..▓.°@▓4.▓....(....▓..
▓.▓..33.▓.▓.........▓..
▓...§°....▓....©....▓▓▓
▓▓▓▓▓▓▓▓▓▓▓▓▓▓▓▓▓▓▓▓▓


{{{{{{{{ {{ {{{{{{{{{{ {{{{{{{{{{{ {{{{{{{{{{ {{{{{{{{{{{ {{{{{{{{{{ {{{{{ You
could see a fire giant, a fire vortex, a friendly sun demon, a friendly sixfirhy
and a friendly chaos spawn.

Vanquished Creatures
  A deep elf master archer (D)
  2 fire dragons (D)
  A hell hog (D)
  A sixfirhy (D)
  An orange demon (D)
  2 efreet (D)
  A hellwing (D)
  2 merfolk (D)
  6 air elementals (D)
  A golden eye (D)
  A chaos spawn (D)
  A floating eye (D)
  A necrophage (D)
  A phantom (D)
  A wolf (D)
  4 centaurs (D)
  A wight (D)
  A crimson imp (D)
  A quasit (D)
  5 orc priests (D)
  4 orc wizards (D)
  2 jellies (D)
  An iron imp (D)
  A shadow imp (D)
  An ufetubus (D)
  2 oozes (D)
  2 orcs (D)
  2 bat skeletons (D)
  4 jackals (D)
  A ball python zombie (D)
  A leopard gecko skeleton (D)
  A leopard gecko zombie (D)
  A fire vortex (D)
58 creatures vanquished.

Vanquished Creatures (collateral kills)
  A fire giant (D)
  An efreet (D)
  2 merfolk (D)
  A fire elemental (D)
5 creatures vanquished.

Vanquished Creatures (others)
  A deep elf master archer (D)
  A stone giant (D)
  A merfolk javelineer (D)
  A spatial maelstrom (D)
  4 yaktaurs (D)
  An insubstantial wisp (D)
  2 centaurs (D)
11 creatures vanquished.

Grand Total: 74 creatures vanquished

Notes
Turn   | Place    | Note
-------+----------+-------------------------------------------
     0 | D        | Found the +6 Majin-Bo {vamp, Archmagi MP+6 Int+6}
     0 | D        | Found the +7 great mace "Firestarter" {inner flame, rF++}
     0 | D        | Kairos the Formicid Fighter began the quest for the Orb.
     0 | D        | Reached XP level 1. HP: 18/18 MP: 1/1
     7 | D        | Banished a spatial maelstrom
    19 | D        | Found a blossoming altar of Fedhas.
    20 | D        | Found a viscous altar of Jiyva.
    20 | D        | Found a hazy altar of Hepliaklqana.
    20 | D        | Found a transporter.
    20 | D        | Found an opulent altar of Gozag.
    20 | D        | Found an ancient bone altar of Kikubaaqudgha.
    20 | D        | Found a corrupted altar of Lugonu.
    31 | D        | Found a burning altar of Makhleb.
    32 | D        | Found an iron altar of Okawaru.
    32 | D        | Found a stormy altar of Qazlal.
    32 | D        | Found a sparkling altar of Nemelex Xobeh.
    32 | D        | Found a sacrificial altar of Ru.
    32 | D        | Found a deep blue altar of Sif Muna.
    37 | D        | Found the +9 heavy crossbow "Sniper" {velocity, Acc+∞ SInv}
    37 | D        | Found the +10 dark maul {crush}
    37 | D        | Found the +15 Maxwell's patent armour {-Cast -Tele rElec
                  | MR+ rCorr}
    37 | D        | Found the +18 shield of the Gong {rElec rN+ MR+ EV-5}
    37 | D        | Found the cursed +14 obsidian axe {chop, +Fly SInv *Curse}
    41 | D        | Found a bloodstained altar of Trog.
    64 | D        | Found the +6 shillelagh "Devastator" {shatter}
    64 | D        | Found the +11 plutonium sword {*Contam Stlth-}
    64 | D        | Found the +8 lance "Wyrmbane" {slay drac, rPois rF+ rC+
                  | AC+3}
    64 | D        | Found the +9 sword of Zonguldrok {reap}
    64 | D        | Found the cursed +13 scythe of Curses {drain, *Curse}
    64 | D        | Found the +0 sword of Power
    64 | D        | Found the +7 mace of Variability {chain chaos}
    64 | D        | Found the +7 Singing Sword {slice, sonic wave}
    64 | D        | Found the +7 longbow "Piercer" {penet, EV-2}
   105 | D        | Became a worshipper of Qazlal Stormbringer
   138 | D        | Entered arena 2.
   138 | D        | Noticed a phantom
   138 | D        | Found a transporter.
   163 | D        | Killed a phantom
   163 | D        | Reached skill level 5 in Fighting
   163 | D        | Reached skill level 5 in Armour
   163 | D        | Reached XP level 2. HP: 28/28 MP: 2/2
   163 | D        | Reached XP level 3. HP: 34/34 MP: 3/3
   163 | D        | Reached XP level 4. HP: 40/40 MP: 4/4
   166 | D        | Entered arena 3.
   166 | D        | Found a transporter.
   175 | D        | Reached * piety under Qazlal
   175 | D        | Reached skill level 3 in Axes
   175 | D        | Reached XP level 5. HP: 46/46 MP: 5/5
   203 | D        | Entered arena 4.
   203 | D        | Noticed a centaur
   203 | D        | Noticed a centaur
   203 | D        | Noticed a centaur
   203 | D        | Noticed a centaur
   203 | D        | Found a transporter.
   204 | D        | Identified the cursed +0 long sword of Iqaojaf {venom,
                  | +Inv}
   206 | D        | Killed a centaur
   206 | D        | Reached ** piety under Qazlal
   206 | D        | Reached skill level 4 in Axes
   206 | D        | Reached XP level 6. HP: 53/53 MP: 6/6
   210 | D        | Reached skill level 5 in Axes
   210 | D        | Reached skill level 5 in Maces & Flails
   210 | D        | Reached skill level 10 in Shields
   210 | D        | Reached XP level 7. HP: 43/60 MP: 7/7
   221 | D        | Entered arena 5.
   221 | D        | Noticed a merfolk
   221 | D        | Noticed a merfolk
   221 | D        | Noticed a merfolk
   221 | D        | Noticed a merfolk
   221 | D        | Found a transporter.
   228 | D        | Killed a merfolk
   228 | D        | Reached *** piety under Qazlal
   228 | D        | Reached skill level 7 in Axes
   230 | D        | Killed a merfolk
   230 | D        | Reached XP level 8. HP: 35/69 MP: 8/8
   232 | D        | Killed a merfolk
   232 | D        | Reached skill level 8 in Axes
   233 | D        | Killed a merfolk
   233 | D        | Reached **** piety under Qazlal
   233 | D        | Reached skill level 9 in Axes
   437 | D        | Entered arena 6.
   437 | D        | Found a transporter.
   438 | D        | Found the +2 cloak of the Thief {+Fog Slay-2 SInv Stlth+}
   441 | D        | Reached ***** piety under Qazlal
   457 | D        | Got the Grimoire of Shifting Curses
   459 | D        | Entered arena 7.
   460 | D        | Found a transporter.
   463 | D        | Reached XP level 9. HP: 72/75 MP: 9/9
   464 | D        | Reached skill level 10 in Axes
   483 | D        | Entered arena 8.
   484 | D        | Found the +5 pair of quick blades "Gyre" and "Gimble"
                  | {pierce, Dex-3}
   484 | D        | Found the +8 trident of the Octopus King {venom, rElec
                  | rPois MR+}
   484 | D        | Found a transporter.
   490 | D        | Reached ****** piety under Qazlal
   502 | D        | Got the amulet of Sihaz {Acrobat +Fly rN+ Str+2}
   511 | D        | Entered arena 9.
   512 | D        | Found a transporter.
   519 | D        | Reached skill level 11 in Axes
   520 | D        | Reached skill level 12 in Axes
   870 | D        | Entered arena 10.
   871 | D        | Found the +3 robe of Folly {Archmagi, MR-- Int+5}
   875 | D        | Reached XP level 10. HP: 68/84 MP: 10/10
   876 | D        | Found a transporter.
   908 | D        | Entered arena 11.
   908 | D        | Noticed an orange demon
   908 | D        | Noticed a sixfirhy
   914 | D        | Killed a sixfirhy
   914 | D        | Reached skill level 10 in Fighting
   914 | D        | Reached skill level 13 in Axes
   918 | D        | Reached skill level 14 in Axes
   920 | D        | Found a transporter.
   923 | D        | Killed an orange demon
  1010 | D        | Learned a level 3 spell: Regeneration
  1010 | D        | Entered arena 12.
  1010 | D        | Noticed a deep elf master archer
  1010 | D        | Noticed a yaktaur
  1010 | D        | Noticed a merfolk javelineer
  1010 | D        | Noticed a yaktaur
  1013 | D        | Noticed a yaktaur
  1013 | D        | Noticed a stone giant
  1014 | D        | Identified the +4 scythe of Inaeqona {flame, rC+ Dex+2}
  1014 | D        | Noticed a yaktaur
  1014 | D        | Noticed a deep elf master archer
  1015 | D        | Killed a deep elf master archer
  1015 | D        | Reached skill level 16 in Axes
  1015 | D        | Reached skill level 5 in Necromancy
  1015 | D        | Reached XP level 11. HP: 81/92 MP: 10/14
  1018 | D        | Found a transporter.
  1020 | D        | Killed a merfolk javelineer
  1020 | D        | Reached skill level 5 in Invocations
  1020 | D        | Reached skill level 10 in Armour
  1020 | D        | Reached skill level 17 in Axes
  1021 | D        | Killed a stone giant
  1021 | D        | Reached skill level 1 in Dodging
  1024 | D        | Killed a deep elf master archer
  1024 | D        | Reached skill level 18 in Axes
  1073 | D        | Got the amulet of Equivalence {Spirit rN+ MR- SInv}
  1288 | D        | Entered arena 13.
  1288 | D        | Noticed a fire dragon
  1288 | D        | Noticed a hell hog
  1288 | D        | Noticed a fire giant
  1288 | D        | Noticed a fire giant
  1288 | D        | Noticed a fire dragon
  1289 | D        | Reached skill level 1 in Stealth
  1289 | D        | Reached skill level 1 in Spellcasting
  1289 | D        | Reached XP level 12. HP: 100/100 MP: 17/17
  1294 | D        | Found the +12 glaive of Prune {chop}
  1296 | D        | Killed a hell hog
  1296 | D        | Reached XP level 13. HP: 50/107 MP: 18/18
  1299 | D        | Killed a fire dragon
  1299 | D        | Reached skill level 10 in Necromancy
  1301 | D        | Killed a fire dragon
  1302 | D        | Found a transporter.
  1305 | D        | Killed a fire giant
  1305 | D        | Reached skill level 19 in Axes
  1306 | D        | Killed from afar by a fire giant

Skill      XL: |  1  2  3  4  5  6  7  8  9 10 11 12 13 |
---------------+----------------------------------------+-----
Fighting       | 5 6 7 8 9 10 11 12 | 12.1
Maces & Flails | 2 3 4 5 6 7 |  7.3
Armour         | 5 6 7 8 9 10 11 | 11.1
Shields        | 6 7 8 10 12 13 14 | 14.1
Axes           | 3 4 5 7 9 12 16 18 19 | 19.1
Necromancy     | 5 9 10 | 10.8
Invocations    | 4 7 8 |  8.9
Dodging        | 1 2 |  2.1
Stealth        | 1 |  1.5
Spellcasting   | 1 4 |  4.0
Evocations     | |  0.9

Action                   |  1- 3 |  4- 6 |  7- 9 | 10-12 | 13-15 || total
-------------------------+-------+-------+-------+-------+-------++-------
Melee: Demon whip        |    20 |    17 |       |       |       ||    37
       Broad axe         |       |     5 |    30 |    20 |     9 ||    64
  Use: Potion            |       |       |     3 |     4 |       ||     7
  Eat: Chunk             |       |       |       |     1 |       ||     1
Armor: Plate armour      |     1 |    10 |    36 |    12 |     4 ||    63
Dodge: Dodged            |       |     2 |     6 |     1 |     2 ||    11
       Deflected         |       |       |       |     2 |       ||     2
Block: Shield            |    17 |    44 |    83 |    70 |    19 ||   233
       Reflection        |       |       |       |    37 |       ||    37
